 Dungeon Crawl Stone Soup version 0.26.0-16-gc1dbca0489 (webtiles) character file.

Game seed: 14909735721918237914

319 Qrupt the Grave Robber (level 6, -6/69 HPs)
             Began as a Human Necromancer on Jan 20, 2021.
             Killed from afar by a white imp (12 damage)
             ... with a puff of frost
             ... on level 5 of the Dungeon.
             The game lasted 00:19:52 (7428 turns).

Qrupt the Grave Robber (Human Necromancer)          Turns: 7428, Time: 00:19:54

Health: -6/69      AC: 23    Str:  8    XL:     6   Next: 74%
Magic:  10/10      EV:  2    Int: 17    God:
Gold:   232        SH:  0    Dex: 14    Spells: 2/11 levels left

rFire    . . .     SeeInvis .   c - +0 dagger
rCold    . . .     Faith    .   (no shield)
rNeg     + + +     Spirit   .   (armour currently unavailable)
rPois    +         Reflect  .   (helmet currently unavailable)
rElec    .         Harm     .   (cloak currently unavailable)
rCorr    .         Rampage  .   (gloves currently unavailable)
Will     ++...     NoTele   +   (boots currently unavailable)
Stlth    ++........             (no amulet)
HPRegen  0.21/turn              x - +4 ring of evasion
MPRegen  0.12/turn              (no ring)

@: brilliant, tree-form, attractive
A: strong-willed 2
a: no special abilities


You were on level 5 of the Dungeon.
You were a tree.
You visited 1 branch of the dungeon, and saw 5 of its levels.

You collected 232 gold pieces.

Inventory:

Hand Weapons
 c - a +0 dagger (weapon)
 l - a +0 falchion
Missiles
 o - 20 poisoned darts
Armour
 a - a +0 robe (melded)
 m - a +0 leather armour
 w - a scarf of repulsion (melded)
Jewellery
 x - a +4 ring of evasion (left branch)
Scrolls
 b - 6 scrolls of remove curse {unknown}
 e - 6 scrolls of teleportation {unknown}
 g - 2 scrolls of enchant armour {unknown}
 h - 2 scrolls of magic mapping {unknown}
 p - 3 scrolls of identify {unknown}
 q - a scroll of immolation {unknown}
 r - a scroll of noise {unknown}
 s - 3 scrolls of random uselessness {unknown}
 t - 2 scrolls of fear {unknown}
Potions
 d - a potion of flight
 f - a potion of brilliance
 i - a potion of attraction
 u - 2 potions of curing
 v - a potion of heal wounds {unknown}


   Skills:
 + Level 2.7 Fighting
 + Level 1.5 Armour
 + Level 3.4 Dodging
 - Level 2.0 Stealth
 + Level 3.3 Spellcasting
 + Level 5.0 Necromancy


You had 2 spell levels left.
You knew the following spells:

 Your Spells              Type           Power        Failure   Level
a - Pain                  Necr           100%         2%          1
b - Animate Skeleton      Necr           58%          2%          1
c - Vampiric Draining     Necr           14%          6%          3
d - Animate Dead          Necr           14%          22%         4

Your spell library contained the following spells:

 Spells                   Type           Power        Failure   Level
 Agony                    Necr           29%          52%         5


Dungeon Overview and Level Annotations

Branches:
Dungeon (5/15)
 Temple: D:4-7

Altars:
Elyvilon
Kikubaaqudgha
Qazlal
Sif Muna
Zin

Annotations:
D:4 Dowan, Duvessa


Innate Abilities, Weirdness & Mutations

((You are partially covered in slimy green scales. (AC +2)))
You are highly strong-willed. (Will++)
((Your system is resistant to poisons. (rPois)))


Message History

The white imp is severely wounded.
The white imp hits you but does no damage.
The white imp gestures at you.
The puff of frost hits you but does no damage.
You closely miss the white imp.
The white imp is severely wounded.
The white imp hits you but does no damage.
The white imp gestures at you. The puff of frost hits you.
* * * LOW HITPOINT WARNING * * *
You barely miss the white imp.
The white imp is severely wounded.
The white imp hits you but does no damage. x2
You barely miss the white imp.
The white imp is heavily wounded.
The white imp gestures at you.
The puff of frost hits you but does no damage.
The white imp gestures at you. The puff of frost hits you!
You die...

#..#..##
#..##............
#####..###
#.............## #....##
##..........####
##....### #.........5.##
#......####..#######5..##
##...........# #.....#
#..........## ##.....#
#...........## #......##
##....###♣5..####.......#
##..### #.5...##........#
#..## #..........##..##
##..# #.........## #.#
##..## #....#....# ##
#####...# ##....###..#
#.......## #....## #....
######...## ##....#
...... ##...###....##
...##..


You could see 2 white imps.

Vanquished Creatures
  A scorpion (D:3)
  An orc wizard (D:3)
  An orc priest (D:4)
  A worker ant (D:4)
  7 adders
  An ooze (D:2)
  4 worms
  2 dart slugs (D:1)
  6 leopard geckos
  8 orcs
  9 bats
  4 giant cockroaches
  7 goblins
  2 hobgoblins (D:2)
  13 jackals
  4 kobolds
  2 quokkas
  4 ball pythons
  4 frilled lizards
  A leopard gecko skeleton (D:4)
  12 rats
94 creatures vanquished.

Vanquished Creatures (collateral kills)
  A hobgoblin (D:3)
  A jackal (D:1)
2 creatures vanquished.

Grand Total: 96 creatures vanquished

Notes
Turn   | Place    | Note
-------+----------+-------------------------------------------
     0 | D:1      | Qrupt the Human Necromancer began the quest for the Orb.
     0 | D:1      | Reached XP level 1. HP: 13/13 MP: 3/3
   446 | D:1      | Reached XP level 2. HP: 17/20 MP: 0/5
   667 | D:1      | Learned a level 1 spell: Animate Skeleton
   920 | D:1      | Reached skill level 1 in Fighting
  1048 | D:1      | Reached XP level 3. HP: 24/26 MP: 4/6
  1903 | D:2      | Reached XP level 4. HP: 27/32 MP: 4/7
  2088 | D:2      | Learned a level 3 spell: Vampiric Draining
  3319 | D:2      | Reached XP level 5. HP: 28/38 MP: 2/9
  3859 | D:3      | Learned a level 4 spell: Animate Dead
  4157 | D:3      | Found a stormy altar of Qazlal.
  4453 | D:3      | Reached skill level 1 in Armour
  4453 | D:3      | Reached XP level 6. HP: 36/46 MP: 0/10
  4523 | D:3      | Found a white marble altar of Elyvilon.
  4523 | D:3      | Found an ancient bone altar of Kikubaaqudgha.
  4670 | D:3      | Noticed a phantom
  5647 | D:5      | Entered Level 5 of the Dungeon
  6080 | D:4      | Noticed Dowan
  6086 | D:4      | Noticed Duvessa
  6275 | D:4      | Found a glowing silver altar of Zin.
  6453 | D:4      | Reached skill level 5 in Necromancy
  6676 | D:4      | Found a shimmering blue altar of Sif Muna.
  7411 | D:5      | Gained mutation: You are partially covered in slimy green
                  | scales. (AC +2) [potion of mutation]
  7411 | D:5      | Gained mutation: You are strong-willed. (Will+) [potion of
                  | mutation]
  7411 | D:5      | Gained mutation: Your system is resistant to poisons.
                  | (rPois) [potion of mutation]
  7411 | D:5      | Gained mutation: You are highly strong-willed. (Will++)
                  | [potion of mutation]
  7428 | D:5      | Killed from afar by a white imp

Illustrated notes

Levels and vault maps discovered:
D:1:      amcnicky_arrival_flooded_fountain, layout_basic, chequers_jeans,
          minmay_misc_feat_diagonals
D:2:      layout_basic
D:3:      layout_basic, grunt_temple_overflow_open
D:4:      layout_basic, lemuel_blue_sif_altar, lemuel_coloured_pillars_altar,
          kennysheep_nondescript, minmay_door_square,
          hangedman_decor_diamond_cutter, uniq_duvessa
D:5:      layout_layer_cave, minmay_temple_entry_tees, uniq_pikel

Skill      XL: |  1  2  3  4  5  6 |
---------------+-------------------+-----
Fighting       | 1 2 |  2.7
Dodging        | 3 |  3.4
Spellcasting   | 3 |  3.3
Armour         | 1 |  1.5
Necromancy     | 5 |  5.0
Stealth        | |  2.0

Action                   |  1- 3 |  4- 6 || total
-------------------------+-------+-------++-------
Melee: Dagger            |    31 |   111 ||   142
 Cast: Pain              |    45 |   145 ||   190
       Animate Skeleton  |     5 |     7 ||    12
       Vampiric Draining |       |     5 ||     5
       Animate Dead      |       |     4 ||     4
  Use: Potion            |       |     7 ||     7
 Stab: Sleeping          |     5 |     2 ||     7
       Distracted        |       |     1 ||     1
Armor: Robe              |    23 |    17 ||    40
       Skin              |       |    25 ||    25
Dodge: Dodged            |    67 |   117 ||   184
       Repelled          |       |     1 ||     1
